 Dungeon Crawl Stone Soup version 0.21.1-1-g345015f (webtiles) character file.

3103 gerrrit the Grappler (level 9, -6/84 HPs)
             Began as a Troll Berserker on Apr 3, 2018.
             Was a High Priest of Trog.
             Killed from afar by an electric eel (16 damage)
             ... with a bolt of electricity
             ... on level 7 of the Dungeon.
             The game lasted 00:45:26 (6367 turns).

gerrrit the Grappler (Troll Berserker)              Turns: 6367, Time: 00:45:28

Health: -6/84      AC:  8    Str: 30    XL:     9   Next: 59%
Magic:  8/8        EV: 12    Int:  3    God:    Trog [*****.]
Gold:   334        SH:  0    Dex:  9    Spells: 8/8 levels left

rFire    . . .     SeeInvis .     - Unarmed
rCold    . . .     Gourm    +   (no shield)
rNeg     . . .     Faith    .   a - +2 animal skin
rPois    .         Spirit   .   (helmet restricted)
rElec    .         Reflect  .   C - +0 cloak
rCorr    .         Harm     .   (gloves unavailable)
MR       .....                  (boots unavailable)
Stlth    ++........             (no amulet)
HPRegen  0.64/turn              (no ring)
MPRegen  0.11/turn              (no ring)

@: lethally poisoned (-6 -> -26)
A: large, unfitting armour, claws 3, fast metabolism 3, gourmand, regeneration
1, shaggy fur 1, tough skin 2
a: Berserk, Trog's Hand, Brothers in Arms, Burn Spellbooks, Renounce Religion


You were on level 7 of the Dungeon.
You worshipped Trog.
Trog was extremely pleased with you.
You were very full.

You visited 2 branches of the dungeon, and saw 8 of its levels.

You collected 334 gold pieces.

Inventory:

Hand Weapons
 d - a +4 dagger
 g - a cursed -3 long sword
 j - a +0 long sword of protection
 l - a +3 short sword
 m - a +0 trident of venom
 q - a +0 flail of protection
 A - a +0 shortbow
 E - a +1 scimitar of slicing
Missiles
 z - a javelin (quivered)
 B - 63 arrows
Armour
 a - a +2 animal skin (worn)
 f - a cursed +0 pair of gloves
 o - a +2 large shield
 r - the cursed +0 scale mail of the Devil {*Drain Int+5 Dex+3, unknown}
   (You found it on level 5 of the Dungeon)

   It affects your intelligence (+5).
   It affects your dexterity (+3).
   It causes draining when unequipped.
   It has a curse placed upon it.
 C - a +0 cloak (worn)
Magical Staves
 x - an uncursed staff of summoning
Jewellery
 v - an uncursed ring of resist corrosion {unknown}
 w - a +2 ring of dexterity {unknown}
 F - a +3 ring of protection {unknown}
Wands
 n - a wand of polymorph (10)
 y - a wand of iceblast (4)
 D - a wand of flame (24)
Scrolls
 h - 5 scrolls of blinking
 i - 5 scrolls of enchant armour
 k - 2 scrolls of teleportation
 p - a scroll of magic mapping
 t - 3 scrolls of remove curse
 G - a scroll of identify
Potions
 e - 2 potions of curing
 s - 2 potions of haste
Comestibles
 b - 14 rations
 u - 5 chunks of flesh


   Skills:
 + Level 3.9 Fighting
 + Level 0.1 Bows
 + Level 1.4 Throwing
 + Level 5.6 Dodging
 + Level 2.1 Stealth
 + Level 10.8 Unarmed Combat
 + Level 0.5 Evocations


You had 8 spell levels left.
You didn't know any spells.

Dungeon Overview and Level Annotations

Branches:
Dungeon (7/15)             Temple (1/1) D:4

Altars:
Dithmenos
Fedhas
Gozag
Hepliaklqana
Makhleb
Trog
Uskayaw
Vehumet
Wu Jian
Xom

Shops:
D:4 ?


Innate Abilities, Weirdness & Mutations

You are too large for most types of armour.
You have claws for hands.
Your metabolism is lightning-fast.
You like to eat raw meat.
Your natural rate of healing is unusually fast.
You are covered in fur. (AC +1)
You have very tough skin. (AC +2)


Message History

The killer bee stings you.
* * * LOW HITPOINT WARNING * * *
The killer bee stings you!
* * * LOW HITPOINT WARNING * * *
You are more poisoned.
The killer bee poisons you! The killer bee barely misses you.
You feel much better.
You feel sick. The killer bee misses you.
The killer bee stings you but does no damage.
The killer bee stings you. x2; The killer bee stings you!
* * * LOW HITPOINT WARNING * * *
The killer bee stings you.
* * * LOW HITPOINT WARNING * * *
You are more poisoned.
The killer bee poisons you! The killer bee stings you.
* * * LOW HITPOINT WARNING * * *
You are more poisoned.
The killer bee poisons you!
The electric eel shoots out a bolt of lightning at you!
The bolt of electricity hits you!
You die...

..# ###.......#
...........##.....##...
........#........###...
y......###..>.....#...
......##≈PPPP.≈PP..#.
#.....#.≈≈♣P≈PP.PP..
##.....P.≈≈≈≈≈≈≈≈P≈P
#.yyy...PP.P≈≈♣≈≈≈PP
##.y@.......#P≈P≈♣≈♣≈
#...!...##.##.PPP♣≈≈≈
...............##P.PP♣♣≈
...#.........##....P♣≈≈≈
.. ###......## .PPPP♣≈≈≈
. #.......≈ P≈≈♣≈≈.P
#...#....P ≈≈♣P≈≈P.
....##≈≈;≈ P.PP... ...#.
≈≈PP #....


You could see 4 killer bees and an electric eel.

Vanquished Creatures
  The ghost of Shinoi the Covered, a novice DsAK of Lugonu (D:6)
  Grinder (D:4)
  Edmund (D:4)
  Menkaure (D:6)
  An ice beast (D:7)
  An orc warrior (D:6)
  2 ogres
  A centaur (D:6)
  A big kobold (D:7)
  2 bullfrogs (D:7)
  Blork the orc (D:4)
  A gnoll sergeant (D:6)
  4 scorpions
  4 electric eels (D:7)
  2 howler monkeys (D:7)
  A centaur zombie (D:7)
  The ghost of Eltigrechino the Conjurer, a weakling DECj (D:3)
  2 crimson imps
  A bullfrog zombie (D:5)
  5 hounds
  4 orc priests
  6 orc wizards
  3 iguanas
  8 worker ants
  A worker ant zombie (D:5)
  A howler monkey skeleton (D:5)
  4 gnolls (D:6)
  12 adders
  4 shadow imps
  2 worms (D:3)
  A dart slug (D:2)
  A leopard gecko (D:4)
  31 orcs
  6 bats
  7 giant cockroaches
  10 goblins
  5 hobgoblins
  7 jackals
  5 quokkas
  2 ball pythons
  A frilled lizard (D:5)
  11 kobolds
  A quokka skeleton (D:5)
  A quokka zombie (D:5)
  9 rats
  2 plants (D:7)
179 creatures vanquished.

Vanquished Creatures (others)
  An adder (D:7)
1 creature vanquished.

Grand Total: 180 creatures vanquished

Notes
Turn   | Place    | Note
-------+----------+-------------------------------------------
     0 | D:1      | gerrrit the Troll Berserker began the quest for the Orb.
     0 | D:1      | Reached XP level 1. HP: 22/22 MP: 0/0
   349 | D:1      | Reached XP level 2. HP: 29/29 MP: 1/1
   820 | D:2      | Noticed a crimson imp
   836 | D:2      | Killed a crimson imp
   836 | D:2      | Reached XP level 3. HP: 36/36 MP: 2/2
   893 | D:2      | Reached XP level 4. HP: 34/44 MP: 3/3
   978 | D:2      | Reached ** piety under Trog
  1665 | D:3      | Noticed Eltigrechino's ghost (weakling DECj)
  1676 | D:3      | Killed Eltigrechino's ghost
  1676 | D:3      | Reached skill level 4 in Unarmed Combat
  1693 | D:3      | Reached XP level 5. HP: 29/52 MP: 4/4
  1974 | D:3      | Reached skill level 1 in Stealth
  2236 | D:3      | Reached skill level 5 in Unarmed Combat
  2248 | D:3      | Reached *** piety under Trog
  2248 | D:3      | Reached XP level 6. HP: 54/59 MP: 5/5
  2823 | D:4      | Reached skill level 6 in Unarmed Combat
  2823 | D:4      | Reached XP level 7. HP: 40/67 MP: 6/6
  2986 | D:4      | Noticed Grinder
  2994 | D:4      | Killed Grinder
  3045 | D:4      | Found a staircase to the Ecumenical Temple.
  3058 | Temple   | Entered the Ecumenical Temple
  3119 | D:4      | Reached skill level 7 in Unarmed Combat
  3170 | D:4      | Found an opulent altar of Gozag.
  3241 | D:4      | Noticed Blork the orc
  3251 | D:4      | Killed Blork the orc
  3298 | D:4      | Found Hogeaf's Magic Scroll Boutique.
  3326 | D:4      | Noticed Edmund
  3328 | D:4      | Reached XP level 8. HP: 43/75 MP: 7/7
  3376 | D:4      | Killed Edmund
  3376 | D:4      | Reached skill level 8 in Unarmed Combat
  3629 | D:5      | Entered Level 5 of the Dungeon
  3699 | D:5      | Found a bloodstained altar of Trog.
  3699 | D:5      | Found a burning altar of Makhleb.
  3765 | D:5      | Reached **** piety under Trog
  4397 | D:5      | Reached skill level 9 in Unarmed Combat
  4418 | D:5      | Got a spiked scale mail
  4493 | D:6      | Noticed Menkaure
  4498 | D:6      | Killed Menkaure
  4559 | D:6      | Reached skill level 5 in Dodging
  4575 | D:6      | Noticed a hand axe
  4575 | D:6      | Noticed a dagger
  4662 | D:6      | Found a hide-covered altar of Uskayaw.
  4728 | D:6      | Noticed Shinoi's ghost (novice DsAK)
  4741 | D:6      | Killed Shinoi's ghost
  4741 | D:6      | Reached XP level 9. HP: 67/84 MP: 8/8
  4851 | D:6      | Reached skill level 10 in Unarmed Combat
  5068 | D:6      | Found a hazy altar of Hepliaklqana.
  5505 | D:7      | Reached skill level 1 in Throwing
  5794 | D:7      | Reached ***** piety under Trog
  6221 | D:7      | Found a shimmering altar of Xom.
  6221 | D:7      | Found a shadowy altar of Dithmenos.
  6221 | D:7      | Found a blossoming altar of Fedhas.
  6367 | D:7      | Killed from afar by an electric eel

Skill      XL: |  1  2  3  4  5  6  7  8  9 |
---------------+----------------------------+-----
Dodging        | 3 4 5 |  5.6
Unarmed Combat | 4 5 6 7 9 10 | 10.8
Stealth        | 1 2 |  2.1
Fighting       | 3 |  3.9
Throwing       | 1 |  1.4
Bows           | |  0.1
Evocations     | |  0.5

Action                   |  1- 3 |  4- 6 |  7- 9 || total
-------------------------+-------+-------+-------++-------
Melee: Unarmed           |    48 |   165 |   242 ||   455
       Punch             |     1 |     7 |     5 ||    13
 Fire: Shortbow          |       |       |     5 ||     5
Throw: Javelin           |       |       |     6 ||     6
Invok: Burn Spellbooks   |       |       |     2 ||     2
Evoke: Wand              |       |       |     8 ||     8
  Use: Scroll            |     5 |    10 |     2 ||    17
       Potion            |     1 |     4 |     7 ||    12
 Stab: Sleeping          |     3 |       |     2 ||     5
       Distracted        |       |       |     1 ||     1
  Eat: Chunk             |     7 |    24 |    32 ||    63
Armor: Animal skin       |    16 |    54 |    65 ||   135
       Skin              |       |       |     3 ||     3
Dodge: Dodged            |    23 |    85 |    95 ||   203
